 Dungeon Crawl Stone Soup version 0.17.0-28-g6e173f8 (webtiles) character file.

6768 4thArraOfDagon the Cleaver (level 10, 0/141 HPs)
             Began as a Minotaur Berserker on Nov 22, 2015.
             Was a Priest of Trog.
             Slain by a fire elemental (13 damage)
             ... led by Azrael
             ... on level 13 of the Dungeon.
             The game lasted 00:09:52 (1929 turns).

4thArraOfDagon the Cleaver (Minotaur Berserker)     Turns: 1929, Time: 00:09:53

Health: 0/141      AC: 12    Str: 28    XL:     10   Next: 76%
Magic:  9/9        EV: 11    Int:  7    God:    Trog [***...]
Gold:   235        SH:  0    Dex:  9    Spells: 0 memorised, 9 levels left

rFire  . . .     SeeInvis .     a - +1 hand axe
rCold  . . .     Clarity  .     u - +4 ring mail
rNeg   . . .     SustAt   .     (no shield)
rPois  .         Gourm    .     (helmet unavailable)
rElec  .         Spirit   .     (no cloak)
rCorr  .         Warding  .     (no gloves)
rMut   .         Stasis   .     (no boots)
MR     ++...                    (no amulet)
Stlth  ..........               (no ring)
                                (no ring)

@: berserking (expiring), regenerating, very quick, very resistant to hostile
enchantments, extremely unstealthy
A: retaliatory headbutt, horns 3, deterioration 1, shaggy fur 1
a: Berserk, Trog's Hand, Burn Spellbooks, Renounce Religion


You were on level 13 of the Dungeon.
You worshipped Trog.
Trog was most pleased with you.
You were hungry.

You visited 1 branch of the dungeon, and saw 13 of its levels.

You collected 235 gold pieces.

Inventory:

Hand Weapons
 a - a +1 hand axe (weapon)
Missiles
 m - a throwing net (quivered)
Armour
 d - a +0 plate armour
 u - a +4 ring mail (worn)
Wands
 k - a wand of random effects (30)
 q - a wand of draining (6)
 s - a wand of confusion (21)
Scrolls
 g - a scroll of summoning {unknown}
 p - a scroll of enchant armour {unknown}
 r - 3 scrolls of blinking {unknown}
Potions
 e - a potion of brilliance
 j - a potion of curing
 n - a potion of cure mutation
Comestibles
 c - 5 bread rations
 f - a meat ration
 h - 4 beef jerkies
 i - 9 slices of pizza
 l - 2 fruits
 o - 2 chunks of flesh


   Skills:
 + Level 10.6 Fighting
 * Level 13.7 Axes
 + Level 10.1 Armour
 - Level 2.1 Dodging


You had 9 spell levels left.
You didn't know any spells.

Dungeon Overview and Level Annotations

Branches:
Dungeon (13/15)            Temple (0/1) D:6
   Lair: D:8-11         Orc: D:9-12      Vaults: D:13-14

Altars:
Makhleb

Annotations:
D:11 Psyche
D:13 Azrael


Innate Abilities, Weirdness & Mutations

You reflexively headbutt those who attack you in melee.
You have a pair of large horns on your head.
Your body sometimes deteriorates upon taking damage.
You are covered in fur (AC +1).


Message History

You closely miss the fire elemental. Azrael closely misses you.
You furiously retaliate!
You headbutt Azrael! The fire elemental hits you. The fire elemental burns you!
* * * LOW HITPOINT WARNING * * *
Unknown command.
Unknown command.
Unknown command.
You hit Azrael but do no damage. You headbutt Azrael!
Azrael is severely wounded.
You hit the fire elemental.
The fire elemental is lightly damaged.
Unknown command.
Unknown command.
Unknown command.
You hit Azrael but do no damage.
Azrael is severely wounded.
You hit the fire elemental.
The fire elemental is lightly damaged.
The fire elemental hits you. The fire elemental burns you!
You die...

#.......§.....
#..........§..
#......§.§§...
#.....§..§....
#....§..E.....
#....E.§§.....
#....YER...... #
#.....@†...... .# .
###.###############.#..
#....................
#....................
#....................
#....................
##..................#
##..................#
......................#


You could see Azrael, a yak and 3 fire elementals.

Vanquished Creatures
  3 hill giants
  An ugly thing (D:11)
  A redback zombie (D:13)
  A troll (D:12)
  2 slime creatures (D:12)
  2 fire elementals (D:13)
  A human (D:7)
  7 yaks
  A shadow (D:11)
  A mottled dragon (D:11)
  3 hell hounds (D:13)
  An ice beast (D:13)
  3 ogres
  A black bear (D:11)
  2 centaurs
  A phantom (D:7)
  A big kobold (D:11)
  A sky beast (D:6)
  2 giant frogs
  A wyvern zombie (D:13)
  2 scorpions
  2 killer bees (D:12)
  3 crimson imps
  3 orc priests
  4 orc wizards
  2 centaur skeletons
  2 hounds
  5 worker ants
  An iguana (D:13)
  A jelly (D:7)
  3 sheep (D:7)
  A killer bee zombie (D:8)
  4 adders
  A shadow imp (D:11)
  17 orcs
  A giant cockroach (D:4)
  2 goblins
  4 jackals (D:3)
  3 bats
  6 kobolds (D:11)
  5 rats
108 creatures vanquished.

Notes
Turn   | Place    | Note
--------------------------------------------------------------
     0 | D:1      | 4thArraOfDagon the Minotaur Berserker began the quest for the Orb.
     0 | D:1      | Reached XP level 1. HP: 19/19 MP: 0/0
    50 | D:2      | Reached skill level 4 in Axes
    50 | D:2      | Reached XP level 2. HP: 16/27 MP: 1/1
   206 | D:3      | HP: 2/40 [jackal (1)]
   208 | D:3      | Reached XP level 3. HP: 2/33 MP: 2/2
   230 | D:3      | Noticed an ogre
   259 | D:3      | Killed an ogre
   259 | D:3      | Reached ** piety under Trog
   259 | D:3      | Reached skill level 5 in Axes
   259 | D:3      | Reached XP level 4. HP: 14/41 MP: 3/3
   347 | D:4      | Reached XP level 5. HP: 28/47 MP: 4/4
   358 | D:4      | Reached skill level 5 in Fighting
   478 | D:4      | :LAB
   508 | D:4      | Found a burning altar of Makhleb.
   518 | D:5      | Entered Level 5 of the Dungeon
   528 | D:5      | Noticed a centaur
   536 | D:5      | Reached skill level 6 in Axes
   543 | D:5      | Killed a centaur
   543 | D:5      | Reached XP level 6. HP: 46/56 MP: 5/5
   620 | D:6      | Reached skill level 7 in Axes
   687 | D:6      | Reached skill level 5 in Armour
   687 | D:6      | Reached XP level 7. HP: 61/63 MP: 6/6
   704 | D:6      | Found a staircase to the Ecumenical Temple.
   887 | D:7      | Noticed a human
   887 | D:7      | Noticed a yak
   894 | D:7      | Killed a human
   894 | D:7      | Reached skill level 8 in Axes
   895 | D:7      | Reached XP level 8. HP: 50/71 MP: 7/7
   897 | D:7      | Killed a yak
  1168 | D:9      | Reached skill level 9 in Axes
  1283 | D:10     | Entered Level 10 of the Dungeon
  1293 | D:10     | Noticed a gargoyle
  1344 | D:11     | Reached *** piety under Trog
  1344 | D:11     | Reached skill level 10 in Axes
  1345 | D:11     | Reached XP level 9. HP: 81/81 MP: 8/8
  1373 | D:11     | Gained mutation: You have a pair of large horns on your head. [potion of mutation]
  1373 | D:11     | Gained mutation: You are covered in fur (AC +1). [potion of mutation]
  1373 | D:11     | Gained mutation: Your body sometimes deteriorates upon taking damage. [potion of mutation]
  1467 | D:11     | Noticed a purple ugly thing
  1479 | D:11     | Killed a purple ugly thing
  1479 | D:11     | Reached skill level 11 in Axes
  1513 | D:11     | Noticed a hill giant
  1530 | D:11     | Killed a hill giant
  1555 | D:11     | Reached skill level 12 in Axes
  1587 | D:11     | Noticed Psyche
  1773 | D:12     | Reached XP level 10. HP: 91/91 MP: 9/9
  1817 | D:13     | Noticed a hill giant
  1822 | D:13     | Killed a hill giant
  1892 | D:13     | Reached skill level 10 in Fighting
  1905 | D:13     | Noticed a hill giant
  1910 | D:13     | Noticed Azrael
  1914 | D:13     | Reached skill level 13 in Axes
  1919 | D:13     | Killed a hill giant
  1923 | D:13     | Reached skill level 10 in Armour
  1929 | D:13     | Slain by a fire elemental

Action                   |  1- 3 |  4- 6 |  7- 9 | 10-12 || total
-------------------------+-------+-------+-------+-------++-------
Melee: Hand axe          |    22 |    54 |   151 |    43 ||   270
Invok: Berserk           |     4 |     4 |    10 |     2 ||    20
       Trog's Hand       |       |       |     7 |     1 ||     8
  Use: Potion            |     1 |       |     1 |     2 ||     4
       Scroll            |       |       |    11 |       ||    11
 Stab: Sleeping          |     1 |       |       |       ||     1
  Eat: Chunk             |     1 |     6 |    14 |     2 ||    23
       Fruit             |       |       |     1 |       ||     1
